 Dungeon Sprint DCSS version 0.21.1-1-g345015fe64 (webtiles) character file.

12591 Htamos the Brawler (level 11, -4/127 (128) HPs)
             Began as a Troll Berserker on July 13, 2018.
             Was the Champion of Trog.
             Engulfed by a cloud of foul pestilence (6 damage)
             ... in the Dungeon (Sprint I: "Red Sonja").
             The game lasted 00:11:37 (1915 turns).

Htamos the Brawler (Troll Berserker)                Turns: 1915, Time: 00:11:38

HP:   -4/127 (128)  AC:  0    Str: 30    XL:     11   Next: 64%
MP:   0/10          EV: 15    Int:  3    God:    Trog [******]
Gold: 1325          SH:  0    Dex:  9    Spells: 10/10 levels left

rFire    . . .     SeeInvis .     - Unarmed
rCold    . . .     Gourm    +   (no shield)
rNeg     . . .     Faith    .   k - +0 troll leather armour
rPois    +         Spirit   .   (helmet restricted)
rElec    .         Reflect  .   p - +0 cloak {rPois}
rCorr    .         Harm     .   (gloves unavailable)
MR       .....     NoTele   +   (boots unavailable)
Stlth    +.........             (no amulet)
HPRegen  1.11/turn              (no ring)
MPRegen  0.12/turn              (no ring)

@: corroded, slowed, very slow
A: large, unfitting armour, claws 3, fast metabolism 3, gourmand, regeneration
1, shaggy fur 1, tough skin 2
a: Berserk, Trog's Hand, Brothers in Arms, Burn Spellbooks, Renounce Religion


You were in the Dungeon.
You worshipped Trog.
Trog was exalted by your worship.
You were not hungry.

You visited 1 branch You collected 1559 gold pieces.
You spent 234 gold pieces at shops.

Inventory:

Hand Weapons
 q - a +1 hand axe of venom
 r - a +4 antimagic trident
 s - a +6 battleaxe of electrocution
Missiles
 t - 6 needles of sleeping
Armour
 a - a +0 animal skin
 k - a +0 troll leather armour (worn)
 o - a +0 large shield
 p - a +0 cloak of poison resistance (worn)
Wands
 i - a wand of flame (21)
Scrolls
 j - 2 scrolls of identify
Potions
 c - 3 potions of curing
 d - a potion of heal wounds
 e - a potion of haste
 f - 2 potions of magic
 g - a potion of berserk rage
 l - a potion of resistance
 n - a potion of agility
Books
 m - a book of Cantrips

   Spells                             Type                      Level
   a - Confusing Touch                Hexes                        1
   b - Animate Skeleton               Necromancy                   1
   c - Summon Small Mammal            Summoning                    1
   d - Apportation                    Translocation                1
   Trog disapproves of the use of such an item.
Comestibles
 b - 2 rations


   Skills:
 + Level 13.9 Fighting
 + Level 13.8 Dodging
 + Level 6.2 Shields
 + Level 16.1 Unarmed Combat


You had 10 spell levels left.
You didn't know any spells.

Dungeon Overview and Level Annotations

Branches:
Dungeon (1/1)

Altars:
Cheibriados
Dithmenos
Elyvilon
Fedhas
Gozag
Hepliaklqana
Kikubaaqudgha
Makhleb
Nemelex Xobeh
Okawaru
Qazlal
Ru
Sif Muna
Trog
Uskayaw
Vehumet
Wu Jian
Xom
Yredelemnul
Zin
The Shining One
Jiyva
Lugonu

Shops:
D ?}(}*[([((%!:%*

Annotations:
D exclusion: oklob plant, Lom Lobon


Innate Abilities, Weirdness & Mutations

You are too large for most types of armour.
You have claws for hands.
Your metabolism is lightning-fast.
You like to eat raw meat.
Your natural rate of healing is unusually fast.
You are covered in fur. (AC +1)
You have very tough skin. (AC +2)


Message History

A great vortex of raging winds appears around Lom Lobon!
You close the door.
You start resting.
Lom Lobon is nearby!
Lom Lobon hits you!!
* * * LOW HITPOINT WARNING * * *
You feel your power leaking away.
* * * LOW MAGIC WARNING * * *
You claw Lom Lobon!
Lom Lobon is lightly wounded.
Lom Lobon hits you!!
* * * LOW HITPOINT WARNING * * *
You miss Lom Lobon. You claw Lom Lobon!
Lom Lobon is lightly wounded.
Lom Lobon hits you!
* * * LOW HITPOINT WARNING * * *
You scratch Lom Lobon. Your claw misses Lom Lobon.
Lom Lobon is lightly wounded.
You are engulfed in dark miasma.
You feel yourself slow down.
You die...

#...#
.###$#).≈.##+#§§..##
#...#
##..$#..≈##..§§§.§.##
#..##
+###..≈#..§§§§§§..#
#..#
#P≈..##.§.§§§§§..#
##+#
#M≈..#...D§§[D.... #
###..#....§§§..... #
#§+..##..........# #
#§##+##$$$$$$$$$$# #
#@# ≈≈##$$$$$$$$## #
#&# ≈≈≈##!$?$$:## #
§§# ≈≈≈≈######## §###
≈≈≈≈# §§ '≈≈≈' §§
##≈≈#≈ §§§ §§§


You could see Lom Lobon.

Vanquished Creatures
  A deep elf annihilator (D)
  2 centaur warriors (D)
  Sonja (D)
  A deep troll (D)
  2 unseen horrors (D)
  A lindwurm (D)
  An oklob plant (D)
  2 merfolk sirens (D)
  A gargoyle (D)
  2 kobold demonologists (D)
  4 demonic crawlers (D)
  A hellwing (D)
  A slime creature (D)
  4 hornets (D)
  2 redbacks (D)
  Sigmund (D)
  A yak (D)
  13 hogs (D)
  2 floating eyes (D)
  An ogre (D)
  7 necrophages (D)
  8 jellies (D)
  Ijyb (D)
  2 ballistomycetes (D)
62 creatures vanquished.

Vanquished Creatures (collateral kills)
  A hydra (D)
  A floating eye (D)
2 creatures vanquished.

Vanquished Creatures (others)
  A gargoyle (D)
  A hornet (D)
  2 ballistomycete spores (D)
4 creatures vanquished.

Grand Total: 68 creatures vanquished

Notes
Turn   | Place    | Note
-------+----------+-------------------------------------------
     0 | D        | Htamos the Troll Berserker began the quest for the Orb.
     0 | D        | Reached XP level 1. HP: 22/22 MP: 0/0
     2 | D        | Noticed Ijyb
    22 | D        | Killed Ijyb
    22 | D        | Reached skill level 4 in Unarmed Combat
    22 | D        | Reached XP level 2. HP: 9/31 MP: 1/1
    65 | D        | Noticed an ogre
    69 | D        | Killed an ogre
    69 | D        | Reached skill level 5 in Fighting
    69 | D        | Reached skill level 5 in Dodging
    69 | D        | Reached skill level 6 in Unarmed Combat
    69 | D        | Reached XP level 3. HP: 42/42 MP: 2/2
    69 | D        | Reached XP level 4. HP: 50/50 MP: 3/3
    73 | D        | Noticed Sigmund
    79 | D        | Killed Sigmund
    79 | D        | Reached ** piety under Trog
    79 | D        | Reached skill level 7 in Unarmed Combat
    79 | D        | Reached XP level 5. HP: 53/61 MP: 4/4
    79 | D        | Reached XP level 6. HP: 59/68 MP: 5/5
   101 | D        | Found an ornate altar of the Wu Jian Council.
   101 | D        | Found a deep blue altar of Sif Muna.
   103 | D        | Found a radiant altar of Vehumet.
   106 | D        | Reached skill level 8 in Unarmed Combat
   112 | D        | Found a burning altar of Makhleb.
   112 | D        | Found a viscous altar of Jiyva.
   112 | D        | Found a shimmering altar of Xom.
   112 | D        | Found a corrupted altar of Lugonu.
   112 | D        | Noticed a slime creature
   119 | D        | Killed a slime creature
   119 | D        | Reached skill level 9 in Unarmed Combat
   173 | D        | Found Gucwuhaa's Magic Scroll Emporium.
   173 | D        | Found an ancient bone altar of Kikubaaqudgha.
   173 | D        | Found a hazy altar of Hepliaklqana.
   173 | D        | Found a hide-covered altar of Uskayaw.
   173 | D        | Found a basalt altar of Yredelemnul.
   173 | D        | Found an opulent altar of Gozag.
   173 | D        | Found a snail-covered altar of Cheibriados.
   173 | D        | Found a sacrificial altar of Ru.
   173 | D        | Found a shadowy altar of Dithmenos.
   173 | D        | Noticed a yak
   179 | D        | Killed a yak
   179 | D        | Reached *** piety under Trog
   179 | D        | Reached XP level 7. HP: 79/80 MP: 6/6
   180 | D        | Found a stormy altar of Qazlal.
   180 | D        | Found a blossoming altar of Fedhas.
   180 | D        | Found a bloodstained altar of Trog.
   180 | D        | Found an iron altar of Okawaru.
   180 | D        | Found a glowing golden altar of the Shining One.
   180 | D        | Found a glowing silver altar of Zin.
   180 | D        | Found a white marble altar of Elyvilon.
   187 | D        | Found a sparkling altar of Nemelex Xobeh.
   208 | D        | Noticed a kobold demonologist
   209 | D        | Noticed a kobold demonologist
   212 | D        | Noticed a chaos spawn
   212 | D        | Killed a kobold demonologist
   212 | D        | Reached skill level 10 in Unarmed Combat
   214 | D        | Reached XP level 8. HP: 92/92 MP: 7/7
   215 | D        | Killed a kobold demonologist
   215 | D        | Reached **** piety under Trog
   215 | D        | Reached skill level 11 in Unarmed Combat
   363 | D        | Noticed Sonja
   377 | D        | Killed Sonja
   377 | D        | Reached skill level 10 in Fighting
   377 | D        | Reached skill level 10 in Dodging
   645 | D        | Noticed a deep troll
   653 | D        | Killed a deep troll
   653 | D        | Reached ***** piety under Trog
   653 | D        | Reached skill level 12 in Unarmed Combat
   653 | D        | Reached XP level 9. HP: 67/102 MP: 8/8
   710 | D        | Noticed a centaur warrior
   712 | D        | Noticed a centaur warrior
   713 | D        | Killed a gargoyle
   715 | D        | Killed a centaur warrior
   720 | D        | Killed a centaur warrior
   720 | D        | Reached skill level 13 in Unarmed Combat
   934 | D        | Noticed an oklob plant
   940 | D        | Killed an oklob plant
   940 | D        | Received a gift from Trog
   940 | D        | Reached XP level 10. HP: 115/115 MP: 9/9
  1050 | D        | Reached skill level 14 in Unarmed Combat
  1058 | D        | Received a gift from Trog
  1077 | D        | Killed an unseen horror
  1078 | D        | Killed an unseen horror
  1089 | D        | Reached ****** piety under Trog
  1092 | D        | Received a gift from Trog
  1121 | D        | Found Fuliazia's Weapon Shoppe.
  1121 | D        | Found Baetiam's Gadget Shop.
  1121 | D        | Found Duju Fojyss's Gadget Boutique.
  1123 | D        | Found Ginuaret's General Store.
  1123 | D        | Found Ehacadai's Antique Armour Shop.
  1123 | D        | Found Ylud's Weapon Shoppe.
  1123 | D        | Found Kofudupy's Armour Boutique.
  1123 | D        | Found Bucuoh's Weapon Emporium.
  1123 | D        | Found Seug Oty's Antique Weapon Shop.
  1123 | D        | Found Ipri's Food Shoppe.
  1126 | D        | Found Jinwyuckoi's Distillery.
  1127 | D        | Found Qankahul's Food Emporium.
  1127 | D        | Found Toth's Book Boutique.
  1130 | D        | Found Muotz's Assorted Antiques.
  1139 | D        | Bought a scroll labeled EFACZELAEN for 22 gold pieces
  1139 | D        | Bought a scroll labeled EFACZELAEN for 22 gold pieces
  1139 | D        | Bought a scroll labeled EFACZELAEN for 22 gold pieces
  1147 | D        | Bought a +0 large shield for 58 gold pieces
  1147 | D        | Bought a +0 cloak of poison resistance for 110 gold pieces
  1303 | D        | Reached skill level 1 in Shields
  1318 | D        | Reached skill level 15 in Unarmed Combat
  1357 | D        | Noticed a gargoyle
  1365 | D        | Killed a gargoyle
  1377 | D        | Noticed a lindwurm
  1382 | D        | Killed a lindwurm
  1382 | D        | Reached XP level 11. HP: 122/126 MP: 10/10
  1395 | D        | Received a gift from Trog
  1405 | D        | Received a gift from Trog
  1428 | D        | Received a gift from Trog
  1482 | D        | Noticed a daeva
  1488 | D        | Noticed a 12-headed hydra
  1492 | D        | Killed a 13-headed hydra
  1492 | D        | Reached skill level 5 in Shields
  1545 | D        | Noticed a deep elf annihilator
  1576 | D        | Received a gift from Trog
  1677 | D        | Noticed a shadow dragon
  1677 | D        | Noticed a golden dragon
  1891 | D        | Killed a deep elf annihilator
  1891 | D        | Reached skill level 16 in Unarmed Combat
  1893 | D        | Noticed a mummy priest
  1894 | D        | Noticed an oklob plant
  1904 | D        | Noticed Lom Lobon
  1914 | D        | HP: 2/127 [Lom Lobon (16)]
  1915 | D        | Engulfed by a cloud of foul pestilence

Skill      XL: |  1  2  3  4  5  6  7  8  9 10 11 |
---------------+----------------------------------+-----
Fighting       | 3 5 6 8 9 10 11 13 | 13.9
Dodging        | 3 5 6 8 10 11 13 | 13.8
Unarmed Combat | 4 6 7 9 10 12 13 15 16 | 16.1
Shields        | 3 6 |  6.2

Action                   |  1- 3 |  4- 6 |  7- 9 | 10-12 || total
-------------------------+-------+-------+-------+-------++-------
Melee: Unarmed           |    22 |    19 |    24 |   144 ||   209
       Punch             |     1 |     2 |     2 |    16 ||    21
Invok: Berserk           |     1 |       |     5 |     3 ||     9
       Brothers in Arms  |       |       |       |     1 ||     1
Evoke: Wand              |       |       |       |     7 ||     7
  Use: Scroll            |       |       |       |     3 ||     3
  Eat: Chunk             |     1 |       |    17 |     9 ||    27
Armor: Animal skin       |     3 |     2 |     8 |       ||    13
       Troll leather arm |       |       |     3 |    33 ||    36
Dodge: Dodged            |     6 |     5 |    30 |    65 ||   106
